 Dungeon Crawl Stone Soup version 0.27-a0-1358-ga0a28fc8c3 (webtiles) character file.

Game seed: 3174551262860566123

65 HESUNTHESUNT the Grasshopper (level 3, -1/29 HPs)
             Began as a Palentonga Warper on June 28, 2021.
             Slain by a white imp (2 damage)
             ... on level 3 of the Dungeon.
             The game lasted 00:03:30 (1332 turns).

HESUNTHESUNT the Grasshopper (Palentonga Warper)    Turns: 1332, Time: 00:03:30

Health: -1/29      AC:  4    Str: 15    XL:     3   Next: 92%
Magic:  6/6        EV:  9    Int: 13    God:
Gold:   84         SH:  0    Dex:  9    Spells: 1/6 levels left

rFire    . . .     SeeInvis +   a - +0 hand axe
rCold    . . .     Faith    .   (no shield)
rNeg     . . .     Spirit   .   b - +0 leather armour
rPois    .         Reflect  .   (no helmet)
rElec    .         Harm     .   (no cloak)
rCorr    .         Rampage  .   (no gloves)
Will     .....                  (no barding)
Stlth    +.........             d - amulet of regeneration
HPRegen  1.09/turn              (no ring)
MPRegen  0.10/turn              (no ring)

@: no status effects
A: large, rugged brown scales 3, see invisible, deformed body, roll 1, armoured
tail
a: Rolling Charge


You were on level 3 of the Dungeon.
You visited 1 branch of the dungeon, and saw 3 of its levels.

You collected 84 gold pieces.

Inventory:

Hand Weapons
 a - a +0 hand axe (weapon)
Armour
 b - a +0 leather armour (worn)
Jewellery
 d - an amulet of regeneration (around neck)
Scrolls
 c - a scroll of blinking
Potions
 e - a potion of mutation {unknown}
 f - a potion of ambrosia {unknown}
 g - a potion of curing {unknown}
 h - a potion of cancellation {unknown}


   Skills:
 + Level 2.5 Fighting
 + Level 2.4 Axes
 - Level 0.6 Throwing
 + Level 1.2 Armour
 + Level 2.0 Dodging
 + Level 2.4 Spellcasting
 + Level 3.3 Translocations


You had one spell level left.
You knew the following spells:

 Your Spells              Type           Power      Damage    Failure   Level
a - Blink                 Tloc           N/A        N/A       12%         2
b - Gell's Gravitas       Tloc           5%         N/A       22%         3

Your spell library contained the following spells:

 Spells                   Type           Power      Damage    Failure   Level
 Lesser Beckoning         Tloc           5%         N/A       22%         3
 Teleport Other           Tloc           10%        N/A       22%         3
 Manifold Assault         Tloc           10%        N/A       91%         5


Dungeon Overview and Level Annotations

Branches:
Dungeon (2/15)

Altars:
The Shining One


Innate Abilities, Weirdness & Mutations

You are completely covered in rugged brown scales. (AC +3, +7% HP)
You have supernaturally acute eyesight. (SInv)
Armour fits poorly on your strangely shaped body.
You can roll at nearby foes to attack.
You have a long armoured tail.


Message History

The shaft crumbles and collapses.
A white imp comes into view.
Unknown command.
The white imp gestures at you. The puff of frost misses you.
You closely miss the white imp.
You tail-slap the white imp, but do no damage.
The white imp gestures at you. The puff of frost hits you!
You hit the white imp.
The white imp is heavily wounded.
The white imp gestures at you. The puff of frost hits you.
You are too injured to fight recklessly!
You are too injured to fight recklessly!
You are too injured to fight recklessly!
You are too injured to fight recklessly!
You are too injured to fight recklessly!
You are too injured to fight recklessly!
You are too injured to fight recklessly!
You are too injured to fight recklessly!
You hit the white imp.
Your tail-slap misses the white imp.
The white imp is severely wounded.
The white imp completely misses you.
You hit the white imp but do no damage.
The white imp is severely wounded.
The white imp hits you. The white imp freezes you.
* * * LOW HITPOINT WARNING * * *
You barely miss the white imp.
The white imp is severely wounded.
The white imp hits you.
* * * LOW HITPOINT WARNING * * *
The white imp freezes you.
* * * LOW HITPOINT WARNING * * *
You closely miss the white imp.
The white imp is severely wounded.
The white imp hits you.
* * * LOW HITPOINT WARNING * * *
The white imp freezes you.
You die...

.## ...
.. ...
...###≈
.. ..#...
..#.#.⌠ ≈
.#.#. ≈≈
...###≈≈≈
#....≈≈≈≈
#....≈≈≈≈
#@.###≈≈≈
#5#...#
#.#.⌠.#
#.# ..#
... ##≈.
#.. ...
### ..


You could see a white imp.

Vanquished Creatures
  Jessica (D:2)
  A dart slug (D:1)
  2 endoplasms
  2 giant cockroaches
  4 goblins
  4 hobgoblins
  3 jackals
  A quokka (D:1)
  5 ball pythons
  5 bats
  2 frilled lizards (D:1)
  A kobold (D:1)
  4 rats (D:1)
35 creatures vanquished.

Notes
Turn   | Place    | Note
-------+----------+-------------------------------------------
     0 | D:1      | HESUNTHESUNT the Palentonga Warper began the quest for the
                  | Orb.
     0 | D:1      | Reached XP level 1. HP: 17/17 MP: 3/3
   202 | D:1      | Reached XP level 2. HP: 22/23 MP: 5/5
   278 | D:1      | Reached skill level 1 in Armour
   896 | D:2      | Reached XP level 3. HP: 15/28 MP: 6/6
   908 | D:1      | Learned a level 2 spell: Blink
   912 | D:1      | Learned a level 3 spell: Gell's Gravitas
  1200 | D:2      | Noticed Jessica
  1219 | D:2      | Killed Jessica
  1248 | D:2      | Found a glowing golden altar of the Shining One.
  1325 | D:2      | You fall into a shaft and drop 1 floor!
  1332 | D:3      | HP: 1/29 [white imp (2)]
  1332 | D:3      | Slain by a white imp

Illustrated notes

Levels and vault maps discovered:
D:1:      shiori_arrival_maze, layout_rooms
D:2:      layout_loops_cross, basic_altar,
          hellmonk_ecumenical_altar_inner_sanctum, uniq_jessica
D:3:      layout_rooms, minmay_misc_feat_iff, fountainhead,
          kennysheep_generic_room_12, uniq_natasha, uniq_robin, uniq_terence

Skill      XL: |  1  2  3 |
---------------+----------+-----
Armour         | 1 |  1.2
Dodging        | 2 |  2.0
Fighting       | |  2.5
Axes           | |  2.4
Throwing       | |  0.6
Spellcasting   | |  2.4
Translocations | |  3.3

Action                   || total
-------------------------++-------
Melee: Hand axe          ||   114
       Tailslap          ||     7
Throw: Boomerang         ||     5
 Abil: Rolling Charge    ||     5
Armor: Leather armour    ||    43
Dodge: Dodged            ||    59

Table legend: (Time is in decaauts)
 A = Elapsed time spent in this place.
 B = Non-inter-level travel time spent in this place.
 C = Inter-level travel time spent in this place.
 D = Time resting spent in this place.
 E = Time spent auto-exploring this place.
 F = Levels seen in this place.
 G = Mean time per level.
                   A        B        C        D        E       F      G
               +--------+--------+--------+--------+--------+-----+--------+
         Total |   1355 |   1337 |     18 |    221 |    896 |   3 |  451.7 |
       Dungeon |   1355 |   1337 |     18 |    221 |    896 |   3 |  451.7 |
               +--------+--------+--------+--------+--------+-----+--------+

Top non-repeatable levels by time:
     D:1: 1128 daAuts
     D:2: 219 daAuts
     D:3: 7 daAuts
